 Dungeon Crawl Stone Soup version 0.26-a0-1060-g086102a3f0 (webtiles) character file.

Game seed: 10756297809505968262

485 Dracia the Shield-Bearer (level 6, 51/51 HPs)
             Began as a Minotaur Fighter on Dec 13, 2020.
             Quit the game on level 3 of the Dungeon.
             The game lasted 00:05:08 (3182 turns).

Dracia the Shield-Bearer (Minotaur Fighter)         Turns: 3182, Time: 00:05:09

Health: 51/51      AC:  9    Str: 21    XL:     6   Next: 88%
Magic:  5/5        EV:  8    Int:  5    God:
Gold:   189        SH: 10    Dex: 11    Spells: 5/5 levels left

rFire    . . .     SeeInvis .   a - +0 long sword
rCold    + . .     Faith    .   c - +0 kite shield
rNeg     . . .     Spirit   .   b - +0 scale mail
rPois    .         Reflect  .   (helmet restricted)
rElec    .         Harm     .   (no cloak)
rCorr    .         Rampage  .   (no gloves)
Will     .....     Rnd*Tele +   m - +1 pair of boots
Stlth    ..........             (no amulet)
HPRegen  0.17/turn              C - ring of protection from cold
MPRegen  0.09/turn              t - ring of teleportation (curse)

@: no status effects
A: retaliatory headbutt, horns 2
a: no special abilities


You were on level 3 of the Dungeon.
You visited 1 branch of the dungeon, and saw 3 of its levels.

You collected 189 gold pieces.


Innate Abilities, Weirdness & Mutations

You reflexively headbutt those who attack you in melee.
You have a pair of horns on your head.


   Skills:
 - Level 3.6 Fighting
 + Level 6.5 Long Blades
 - Level 3.6 Armour
 + Level 7.1 Shields


You had 5 spell levels left.
You didn't know any spells.
Your spell library was empty.

Inventory:

Hand Weapons
 a - a +0 long sword (weapon)
Missiles
 g - 14 poisoned darts (quivered)
Armour
 b - a +0 scale mail (worn)
 c - a +0 kite shield (worn)
 m - a +1 pair of boots (worn)
Jewellery
 t - a cursed ring of teleportation (right hand)
 C - a ring of protection from cold (left hand)
Wands
 n - a wand of disintegration (12)
 s - a wand of digging (5)
Scrolls
 e - a scroll of immolation {unknown}
 f - 6 scrolls of identify {unknown}
 k - 2 scrolls of magic mapping {unknown}
 l - 2 scrolls of teleportation {unknown}
 r - a scroll of fear {unknown}
Potions
 d - a potion of might
 h - a potion of lignification {unknown}
 i - 2 potions of curing {@q1@q1}
 j - a potion of attraction
 o - a potion of berserk rage {unknown}
 p - a potion of heal wounds {unknown}
 q - a potion of invisibility {unknown}

Dungeon Overview and Level Annotations

Branches:
Dungeon (3/15)

Altars:
Cheibriados
Elyvilon
Kikubaaqudgha
Sif Muna
Xom
Zin
The Shining One
Beogh

.................
.................
.................
#+###.............
#.# ####'####.....
#.# #.# #..... #?#
#.# #..... #.# #.#
#..... #@# #.#
#..... #.######.#
#..... #........#
###### ##########


There were no monsters in sight!


Message History

Items here: )) [ †.
Found a stone staircase leading down.
There is an open door here.
There is an open door here.
You open the door.
There is an open door here.
Things that are here:
a +0 war axe; a +0 ring mail; an orc corpse Key pressed, stopping explore.
You open the door.
Found a worn bone wand.
There is an open door here.
s - a wand of digging (5) Key pressed, stopping explore.
Found a stone staircase leading up.
You open the door.
There is an open door here.
Key pressed, stopping explore.
There is an open door here.
You open the door.
There is an open door here.
A rat comes into view.
Found a scroll labelled IVAN PINIUMME.
A rat is nearby!
A rat is nearby!
A rat is nearby!
You closely miss the rat. The rat bites you but does no damage.
You hit the rat.
You kill the rat!
Are you sure you want to abandon this character and quit the game? (Confirm with "yes".)

Skill      XL: |  1  2  3  4  5  6 |
---------------+-------------------+-----
Shields        | 4 6 7 |  7.1
Long Blades    | 3 4 5 6 |  6.5
Fighting       | |  3.6
Armour         | |  3.6

Action                   |  1- 3 |  4- 6 || total
-------------------------+-------+-------++-------
Melee: Long sword        |    66 |   160 ||   226
       Headbutt          |     8 |    25 ||    33
  Use: Potion            |       |     3 ||     3
       Scroll            |       |     1 ||     1
Armor: Scale mail        |    34 |    67 ||   101
Dodge: Dodged            |    26 |    60 ||    86
Block: Kite shield       |    46 |    95 ||   141
       Rpst.: Long sword |    13 |    25 ||    38

Levels and vault maps discovered:
D:1:      erik_arrival_cave_to_civilisation [erik_arrival_cave_to_temple],
          layout_basic
D:2:      layout_loops_ring, nicolae_overflow_quartered_altars,
          chequers_ecumenical_altar_twisty, nicolae_tso_carved_into_rock,
          uniq_natasha, uniq_sigmund, uniq_terence, uniq_robin
D:3:      layout_basic, cheibriados_altar_1, lemuel_doored_altar

Notes
Turn   | Place    | Note
-------+----------+-------------------------------------------
     0 | D:1      | Dracia the Minotaur Fighter began the quest for the Orb.
     0 | D:1      | Reached XP level 1. HP: 19/19 MP: 0/0
   112 | D:1      | Reached skill level 4 in Shields
   199 | D:1      | Reached skill level 3 in Long Blades
   199 | D:1      | Reached XP level 2. HP: 26/26 MP: 1/1
   524 | D:1      | Found a roughly hewn altar of Beogh.
   524 | D:1      | Noticed an orc warrior
   743 | D:2      | Noticed Terence
   752 | D:2      | Killed Terence
   753 | D:2      | Reached XP level 3. HP: 30/31 MP: 2/2
   809 | D:2      | Found a faded altar of an unknown god.
   952 | D:2      | Reached skill level 4 in Long Blades
  1050 | D:2      | Found a glowing silver altar of Zin.
  1051 | D:2      | Found a shimmering altar of Xom.
  1052 | D:2      | Found a shimmering blue altar of Sif Muna.
  1110 | D:2      | Noticed Natasha
  1118 | D:2      | Reached XP level 4. HP: 12/39 MP: 3/3
  1119 | D:2      | Killed Natasha
  1120 | D:2      | Reached skill level 5 in Shields
  1121 | D:2      | Found a glowing golden altar of the Shining One.
  1423 | D:2      | Found a white marble altar of Elyvilon.
  1610 | D:2      | Noticed Sigmund
  1630 | D:2      | Killed Sigmund
  1631 | D:2      | Reached skill level 5 in Long Blades
  1631 | D:2      | Reached skill level 6 in Shields
  1631 | D:2      | Reached XP level 5. HP: 22/45 MP: 4/4
  1631 | D:2      | Reached XP level 6. HP: 25/51 MP: 5/5
  1697 | D:2      | Noticed Natasha
  1710 | D:2      | Killed Natasha
  1850 | D:2      | Noticed Robin
  1870 | D:2      | Killed Robin
  2235 | D:2      | Noticed Natasha
  2242 | D:2      | Killed Natasha
  2243 | D:2      | Reached skill level 6 in Long Blades
  2760 | D:3      | Reached skill level 7 in Shields
  2812 | D:3      | Found a snail-covered altar of Cheibriados.
  2836 | D:3      | Found an ancient bone altar of Kikubaaqudgha.
  3182 | D:3      | Quit the game

Vanquished Creatures
  Sigmund (D:2)
  2 orc wizards (D:3)
  Natasha (thrice) (D:2)
  Terence (D:2)
  Robin (D:2)
  4 adders
  An ooze (D:2)
  3 worms
  2 dart slugs
  4 leopard geckos
  8 orcs (D:3)
  2 ball pythons (D:3)
  11 bats
  3 giant cockroaches
  14 goblins
  8 hobgoblins
  6 jackals (D:3)
  6 kobolds
  A quokka (D:3)
  3 frilled lizards
  10 rats
94 creatures vanquished.

Table legend: (Time is in decaauts)
 A = Elapsed time spent in this place.
 B = Non-inter-level travel time spent in this place.
 C = Inter-level travel time spent in this place.
 D = Time resting spent in this place.
 E = Time spent auto-exploring this place.
 F = Levels seen in this place.
 G = Mean time per level.
                   A        B        C        D        E       F      G
               +--------+--------+--------+--------+--------+-----+--------+
         Total |   3235 |   3167 |     68 |    518 |   2140 |   3 | 1078.3 |
       Dungeon |   3235 |   3167 |     68 |    518 |   2140 |   3 | 1078.3 |
               +--------+--------+--------+--------+--------+-----+--------+

Top non-repeatable levels by time:
     D:2: 1610 daAuts
     D:3: 877 daAuts
     D:1: 747 daAuts

Table legend:
 A = Non-vault XP
 B = Vault XP
 C = Vault XP percentage of total XP
 D = Non-vault monster count
 E = Vault monster count
 F = Vault count percentage of total count
                 A         B        C        D         E       F
            +---------+---------+-------+---------+---------+-------
      Total |     346 |     347 |  50.1 |      78 |      16 |  17.0
            +---------+---------+-------+---------+---------+-------
        D:1 |      30 |       3 |   9.1 |      15 |       2 |  11.8
        D:2 |     142 |     344 |  70.8 |      23 |      14 |  37.8
        D:3 |     174 |       0 |   0.0 |      40 |       0 |   0.0
            +---------+---------+-------+---------+---------+-------
